AoeStats
← Da Zap

Four Lakes

508758663Analyzed
1v1 RM · 9d ago on Sep 23, 2026· 21m 36s· 2 players
Game mode
Random Map
Map size
Tiny (2 player)
Population
200
Speed
Normal
Resources
Standard
Victory
Conquest
Starting age
Dark Age
Ending age
Imperial Age
RankedLock teamsTeams togetherTeam positionsShared explorationLock speedFull tech treeHidden civsTurbo modeCheats
Victory
Defeat
🇨🇴 Huns · Colombia
849
+17
🇺🇸 Poles · United States
866
-17
xXM4X1M4Xx
7:23 Loom
11:23 Feudal Age
18:14 Castle Age
17:57 Wheelbarrow
17:34 Horse Collar
17:42 Double-Bit Axe
20:10 Bloodlines
Da Zap
6:47 Loom
11:09 Feudal Age
12:09 Fishing Lines
12:47 Double-Bit Axe
17:50 Castle Age
Connection lost

Rejoining the realm…

Still unreachable

The connection could not be restored.

Session expired

The server has moved on; the page needs a fresh start.